 Dungeon Crawl Stone Soup version 0.30.1 (webtiles) character file.

Game seed: 9825776332646588978

601395 AIAndy the Crack Shot (level 27, -11/220 HPs)
             Began as a Gnoll Wanderer on July 6, 2023.
             Was the Champion of Vehumet.
             Killed by divine providence
             ... invoked by Khufu
              (13 damage)
             ... on level 2 of the Tomb of the Ancients on July 13, 2023.
             The game lasted 10:30:23 (80320 turns).

AIAndy the Crack Shot (Gnoll Wanderer)             Turns: 80320, Time: 10:30:23

Health: -11/220    AC: 13    Str: 10 (11) XL:     27
Magic:  32/45      EV: 24    Int: 25      God:    Vehumet [******]
Gold:   3278       SH: 19    Dex: 12      Spells: 14/63 levels left

rFire   + . .        P - staff of conjuration "Dioqiutt" {rC- Will+++ Dex-4 SInv}
rCold   . . .        J - +5 Storm Queen's Shield {shock, Fly rElec}
rNeg    + . .        K - +2 robe {Archmagi}
rPois   +            r - -2 hat of the Alchemist {rElec rPois rF+ rC+ rN+ Will+ rMut rCorr}
rElec   +            N - +0 cloak of the Cicada {Int+3}
rCorr   +            o - +2 pair of gloves
SInv    +            p - +2 pair of boots {Stlth+}
Will    +++++        g - amulet "Wicedu" {Acrobat Will+ Regen+ Int-4 Dex+4}
Stlth   ++++++++     U - ring of the Mage {Wiz Archmagi}
HPRegen 1.36/turn    B - +5 ring of evasion
MPRegen 0.29/turn

%: acrobat, resist mutation, wizardry (x1), archmagi
@: flying, studying 3 skills
A: fangs 1, strong nose, distributed training
}: 4/15 runes: decaying, slimy, silver, gossamer
a: Renounce Religion


You were on level 2 of the Tomb of the Ancients.
You worshipped Vehumet.
Vehumet was exalted by your worship.
You visited 12 branches of the dungeon, and saw 53 of its levels.
You also visited: Ice Cave.

You collected 9520 gold pieces.
You spent 6242 gold pieces at shops.

Inventory:

Hand Weapons
 H - the +1 short sword "Fesaoh" {elec, +Blink rF+++ Int+4 Stlth-}
   (You found it on level 2 of the Swamp)

   Int:       It affects your intelligence (+4).
   rF:        It renders you almost immune to fire.
   +Blink:    It lets you blink.
   Stlth:     It makes you less stealthy.
 X - the +6 mace of Outrage {venom, rElec Dex+4 SInv}
   (You found it on level 15 of the Dungeon)

   Dex:       It affects your dexterity (+4).
   rElec:     It insulates you from electricity.
   SInv:      It lets you see invisible.
Armour
 j - a +2 cloak of preservation
 o - a +2 pair of gloves (worn)
 p - a +2 pair of boots of stealth (worn)
 r - the -2 hat of the Alchemist (worn) {rElec rPois rF+ rC+ rN+ Will+ rMut rCorr}
   (You bought it in a shop on level 6 of the Dungeon)

   rF:        It protects you from fire.
   rC:        It protects you from cold.
   rElec:     It insulates you from electricity.
   rPois:     It protects you from poison.
   rN:        It protects you from negative energy.
   rCorr:     It protects you from acid and corrosion.
   rMut:      It protects you from mutation.
   Will:      It increases your willpower.
 J - the +5 Storm Queen's Shield (worn) {shock, Fly rElec}
   (You found it on level 5 of the Vaults)

   Shock:     When it blocks an attack, it may electrocute the attacker.
   This works even against foes who are a short distance away.
   rElec:     It insulates you from electricity.
   Fly:       It grants you flight.
 K - a +2 robe of the Archmagi (worn)
 N - the +0 cloak of the Cicada (worn) {Int+3}
   (You found it on level 9 of the Dungeon)

   Int:       It affects your intelligence (+3).
 S - the +2 cloak of the Thief {*Fog Slay-2 SInv Stlth+}
   (You found it on level 3 of the Elven Halls)

   *Fog:      It may release a thick cloud of smoke when the wearer is hurt.
   Slay:      It affects your accuracy & damage with ranged weapons and melee
   (-2).
   SInv:      It lets you see invisible.
   Stlth:     It makes you more stealthy.
 W - the +4 Cigotuvi's embrace {Corpsefed rMiasma Drain rN+}
   (You took it off an ironbound convoker on level 5 of the Vaults)

   Corpsefed: It gathers nearby corpses to temporarily increase the armour it
   provides.
   rMiasma:   It protects you from foul pestilence.
   rN:        It protects you from negative energy.
   Drain:     It drains your maximum health when unequipped.
 Z - a +0 cloak of willpower
Magical Staves
 h - the staff of cold "Esoraqy" {rC+ Str+5 Int+3}
   (You took it off a guardian mummy on level 1 of the Tomb of the Ancients)

   [staff of cold]

   Base accuracy: +5 Base damage: 5 Base attack delay: 1.2 This weapon's minimum
   attack delay (0.6) is reached at skill level 12.
   Str:       It affects your strength (+5).
   Int:       It affects your intelligence (+3).
   rC:        It protects you from cold.
   It falls into the 'Staves' category.
   It is a one-handed weapon.
 I - the staff of air "Hucegir" {+Blink rElec rPois rC++ Dex-2}
   (You found it on level 5 of the Pits of Slime)

   [staff of air]

   Base accuracy: +5 Base damage: 5 Base attack delay: 1.2 This weapon's minimum
   attack delay (0.6) is reached at skill level 12.
   Dex:       It affects your dexterity (-2).
   rC:        It greatly protects you from cold.
   rElec:     It insulates you from electricity.
   rPois:     It protects you from poison.
   +Blink:    It lets you blink.
   It falls into the 'Staves' category.
   It is a one-handed weapon.
 P - the staff of conjuration "Dioqiutt" (weapon) {rC- Will+++ Dex-4 SInv}
   (You found it on level 3 of the Elven Halls)

   [staff of conjuration]

   Base accuracy: +5 Base damage: 5 Base attack delay: 1.2 This weapon's minimum
   attack delay (0.6) is reached at skill level 12.
   Dex:       It affects your dexterity (-4).
   rC:        It makes you vulnerable to cold.
   SInv:      It lets you see invisible.
   Will:      It greatly increases your willpower.
   It falls into the 'Staves' category.
   It is a one-handed weapon.
Jewellery
 g - the amulet "Wicedu" (around neck) {Acrobat Will+ Regen+ Int-4 Dex+4}
   (You found it on level 11 of the Dungeon)

   [amulet of the acrobat]

   It increases your evasion while moving and waiting.
   Int:       It affects your intelligence (-4).
   Dex:       It affects your dexterity (+4).
   Regen:     It increases your rate of health regeneration.
   Will:      It increases your willpower.
 i - the ring "Vahid" {rF+ Will+ Int-3 Dex+9}
   (You took it off a deep elf annihilator on level 3 of the Elven Halls)

   [ring of willpower]

   Int:       It affects your intelligence (-3).
   Dex:       It affects your dexterity (+9).
   rF:        It protects you from fire.
   Will:      It increases your willpower.
 k - the ring of Caqel {MP+9 Int-2 SInv Stlth+}
   (You took it off a deep elf elementalist on level 3 of the Elven Halls)

   [ring of magical power]

   Int:       It affects your intelligence (-2).
   MP:        It affects your magic capacity (+9).
   SInv:      It lets you see invisible.
   Stlth:     It makes you more stealthy.
 w - the ring of Megalomania {Fire +Blink rPois rCorr Dex-2}
   (You took it off an ironbound convoker on level 5 of the Vaults)

   [ring of fire]

   It enhances your fire magic.
   Dex:       It affects your dexterity (-2).
   rF:        It protects you from fire.
   rC:        It makes you vulnerable to cold.
   rPois:     It protects you from poison.
   +Blink:    It lets you blink.
   rCorr:     It protects you from acid and corrosion.
 B - a +5 ring of evasion (right hand)
 R - the amulet of the Air {Inacc Air Fly rElec RMsl}
   (You took it off an ogre mage on level 5 of the Vaults)

   [amulet of nothing]

   Inacc:     It reduces the accuracy of your attacks and spells.
   Air:       It enhances your air magic.
   rElec:     It insulates you from electricity.
   Fly:       It grants you flight.
   RMsl:      It protects you from missiles.
 U - the ring of the Mage (left hand) {Wiz Archmagi}
   (You bought it in a shop on level 4 of the Dungeon)

   [ring of wizardry]

   It improves your spell success rate.
   Archmagi:  It increases the power of your magical spells.
Wands
 l - a wand of roots (55)
 q - a wand of mindburst (20)
 v - a wand of charming (91)
 C - a wand of digging (15)
 L - a wand of quicksilver (36)
Scrolls
 m - 14 scrolls of fog
 t - 22 scrolls of teleportation
 u - 11 scrolls of fear
 y - 3 scrolls of amnesia
 A - 2 scrolls of magic mapping
 E - 11 scrolls of immolation
 F - 3 scrolls of silence
 G - 12 scrolls of poison
 M - 11 scrolls of enchant armour
 O - 9 scrolls of blinking
Potions
 a - a potion of magic
 c - 15 potions of mutation
 e - 25 potions of curing
 f - 11 potions of haste
 n - 11 potions of brilliance
 s - 4 potions of heal wounds
 x - 11 potions of cancellation
 D - 5 potions of invisibility
 V - 2 potions of resistance
Miscellaneous
 b - a phantom mirror
 d - a lightning rod (4/4)
 z - a condenser vane
 T - a phial of floods
 Y - a box of beasts


   Skills:
 + Level 18.9 Fighting
 + Level 18.8 Short Blades
 + Level 18.8 Long Blades
 + Level 18.8 Axes
 + Level 19.2 Maces & Flails
 + Level 18.8 Polearms
 + Level 18.8 Staves
 + Level 23.8 Ranged Weapons
 + Level 20.4 Throwing
 + Level 18.9 Armour
 + Level 18.8 Dodging
 + Level 18.8 Stealth
 + Level 19.2 Shields
 + Level 18.8 Unarmed Combat
 + Level 18.9 Spellcasting
 + Level 16.0 Conjurations
 + Level 16.0 Hexes
 + Level 16.0 Summonings
 + Level 16.0 Necromancy
 + Level 16.0 Translocations
 + Level 16.0 Transmutations
 + Level 16.0 Fire Magic
 + Level 16.0 Ice Magic
 + Level 16.0 Air Magic
 + Level 16.0 Earth Magic
 + Level 16.8 Poison Magic
 + Level 20.3 Invocations
 + Level 20.0 Evocations


You had 14 spell levels left.
You knew the following spells:

 Your Spells              Type           Power      Damage    Failure   Level
a - Sting                 Tmut/Pois      100%       1d8       0%          1
b - Spellforged Servitor  Conj/Summ      75%        N/A       1%          7
c - Mephitic Cloud        Conj/Pois/Air  100%       N/A       0%          3
d - Ignite Poison         Fire/Tmut/Pois 100%       N/A       0%          3
e - Plasma Beam           Fire/Air       62%        2x1d86    1%          6
f - Ozocubu's Refrigerat  Ice            62%        4d21      1%          7
g - Iron Shot             Conj/Erth      75%        9d14      1%          6
h - Lehudib's Crystal Sp  Conj/Erth      75%        10d17     3%          8
i - Ignition              Fire           62%        3d17      3%          8

Your spell library contained the following spells:

 Spells                   Type           Power      Damage    Failure   Level
 Polar Vortex             Ice            62%        N/A       38%         9
 Apportation              Tloc           100%       N/A       0%          1
 Beastly Appendage        Tmut           100%       N/A       0%          1
 Foxfire                  Conj/Fire      100%       2x1d9     0%          1
 Kiss of Death            Conj/Necr      100%       2d13      0%          1
 Necrotise                Necr           100%       1d9       0%          1
 Sandblast                Erth           100%       2d20      0%          1
 Shock                    Conj/Air       100%       1d9       0%          1
 Cigotuvi's Dreadful Rot  Necr/Pois/Air  100%       N/A       0%          2
 Passwall                 Tmut/Erth      100%       N/A       0%          2
 Scorch                   Fire           100%       2d9       0%          2
 Static Discharge         Conj/Air       100%       2-7/arc   0%          2
 Sublimation of Blood     Necr           100%       N/A       0%          2
 Wereblood                Tmut           100%       N/A       0%          2
 Call Canine Familiar     Summ           100%       N/A       0%          3
 Confusing Touch          Hex            100%       N/A       0%          3
 Dazzling Flash           Conj/Hex       100%       N/A       0%          3
 Ozocubu's Armour         Ice            100%       N/A       0%          3
 Portal Projectile        Hex/Tloc       100%       N/A       0%          3
 Spider Form              Tmut/Pois      100%       N/A       0%          3
 Stone Arrow              Conj/Erth      100%       3d13      0%          3
 Swiftness                Air            100%       N/A       0%          3
 Tukima's Dance           Hex            100%       N/A       0%          3
 Vampiric Draining        Necr           100%       2d13      0%          3
 Volatile Blastmotes      Fire/Tloc      100%       2d18      0%          3
 Airstrike                Air            62%        2d(9-25)  1%          4
 Animate Armour           Summ/Erth      100%       N/A       1%          4
 Cause Fear               Hex            62%        N/A       1%          4
 Dispel Undead            Necr           100%       3d31      1%          4
 Flame Wave               Conj/Fire      100%       2d21      1%          4
 Iskenderun's Mystic Bla  Conj/Tloc      100%       2d19      1%          4
 Leda's Liquefaction      Hex/Erth       62%        N/A       1%          4
 Olgreb's Toxic Radiance  Pois           100%       N/A       1%          4
 Passage of Golubria      Tloc           100%       N/A       1%          4
 Petrify                  Tmut/Erth      100%       N/A       1%          4
 Summon Ice Beast         Ice/Summ       100%       N/A       1%          4
 Agony                    Necr           100%       N/A       1%          5
 Alistair's Intoxication  Tmut/Pois      84%        N/A       1%          5
 Blade Hands              Tmut           62%        N/A       1%          5
 Borgnjor's Vile Clutch   Necr/Erth      62%        N/A       1%          5
 Freezing Cloud           Conj/Ice/Air   75%        6-21      1%          5
 Irradiate                Conj/Tmut      75%        3d36      1%          5
 Iskenderun's Battlesphe  Conj           100%       2d15      1%          5
 Metabolic Englaciation   Hex/Ice        62%        N/A       1%          5
 Silence                  Hex/Air        62%        N/A       1%          5
 Summon Forest            Summ/Tloc      62%        N/A       1%          5
 Summon Mana Viper        Hex/Summ       100%       N/A       1%          5
 Yara's Violent Unravell  Hex/Tmut       62%        3d23      1%          5
 Conjure Ball Lightning   Conj/Air       75%        3x3d28    1%          6
 Eringya's Noxious Bog    Tmut/Pois      63%        N/A       1%          6
 Simulacrum               Ice/Necr       62%        N/A       1%          6
 Statue Form              Tmut/Erth      83%        N/A       1%          6
 Summon Cactus Giant      Summ           62%        N/A       1%          6
 Dragon Form              Tmut           62%        N/A       1%          7
 Malign Gateway           Summ/Tloc      62%        N/A       1%          7
 Monstrous Menagerie      Summ           62%        N/A       1%          7
 Summon Hydra             Summ           62%        N/A       1%          7
 Borgnjor's Revivificati  Necr           62%        N/A       12%         8
 Discord                  Hex            62%        N/A       12%         8
 Disjunction              Tloc           62%        N/A       12%         8
 Necromutation            Tmut/Necr      62%        N/A       12%         8
 Chain Lightning          Conj/Air       75%        3d100     38%         9
 Fire Storm               Conj/Fire      75%        8d19      38%         9
 Shatter                  Erth           62%        3d46*     38%         9
 Death's Door             Necr           62%        N/A       85%         9
 Dragon's Call            Summ           62%        N/A       85%         9


Dungeon Overview and Level Annotations

Branches:
Dungeon (15/15)            Temple (1/1) D:4            Lair (5/5) D:10
  Swamp (4/4) Lair:2       Spider (4/4) Lair:3        Slime (5/5) Lair:4
    Orc (2/2) D:11            Elf (3/3) Orc:2        Vaults (5/5) D:14
  Crypt (3/3) Vaults:3       Tomb (2/3) Crypt:3      Depths (4/4) D:15
    Zot (0/5) Depths:4      IceCv (visited)

Altars:
Ashenzari
Cheibriados
Dithmenos
Elyvilon
Fedhas
Gozag
Hepliaklqana
Kikubaaqudgha
Makhleb
Nemelex Xobeh
Okawaru
Qazlal
Ru
Sif Muna
Trog
Uskayaw
Vehumet
Wu Jian
Xom
Yredelemnul
Zin
The Shining One
Jiyva

Shops:
D:4 [=:!!   D:6 *=*([   D:10 !   D:13 ([   Orc:2 :?!(   Elf:2 *   Elf:3 ?:*(
Vaults:4 !(*   Depths:1 [   Depths:4 :

Portals:
Hell: Depths:1 Depths:2 Depths:3 Depths:4
Abyss: Depths:1 Depths:2 Depths:3
Pandemonium: Depths:2
Ziggurat: Depths:4

Annotations:
Lair:2 2 transporters, Peloso's ghost, journeyman MiFi
Swamp:4 3 runed translucent doors, GeoRichter's ghost, adept DrHs
Tomb:2 Khufu


Innate Abilities, Weirdness & Mutations

You have very sharp teeth.
Your uncanny sense of smell can sniff out nearby items.
Your experience applies equally to all skills.


Message History

The death scarab is severely damaged.
The fireball engulfs the ushabti!
The ushabti resists.
The ushabti is almost destroyed.
The fireball engulfs the death scarab!!
You destroy the death scarab!
The death scarab's corpse disappears in a puff of smoke!
The fireball engulfs the ushabti!
The ushabti resists.
You destroy the ushabti!
Vehumet accepts your kill.
You feel your power returning.
The fireball engulfs the royal mummy!!
The royal mummy is almost destroyed.
The fireball engulfs the royal mummy!!
The royal mummy is heavily damaged.
The fireball engulfs Khufu!!
Khufu is moderately damaged.
The fireball engulfs the royal mummy!
The royal mummy is almost destroyed.
A flying skull comes into view.
Your spellforged servitor gestures at the royal mummy while chanting.
The crystal spear hits the royal mummy!!!!
The royal mummy is destroyed!
Vehumet accepts your kill.
The emperor scorpion disappears in a puff of smoke!
You feel extremely nervous for a moment...
Pain shoots through your body!
* * * LOW HITPOINT WARNING * * *
The royal mummy mumbles some strange words.
You feel your strength returning.
You feel much better.
The death scarab bites you but does no damage.
A mummy comes into view.
A mummy priest comes into view.
The royal mummy gestures at you while chanting.
Something smites you!
* * * LOW HITPOINT WARNING * * *
The royal mummy casts a spell at you. Something smites you!
* * * LOW HITPOINT WARNING * * *
Khufu gestures at you while chanting. Something smites you!
You die...

M## ##? § .M
### .. . ..
∆M##.##B .§
...##M....##.§§
..#$.......M#..
)#..........(#.
#.....!..§....#
#.$....@..§...#
#.$..B....9...#
.#....$...^..#.
..#.........#..
...##z....##§..
.. ∆.##.##. M.
. .. ### .. .
M## ##.


You could see Khufu, 4 royal mummies, a mummy priest, 2 death scarabs, a flying
skull, a mummy and a friendly spellforged servitor (summoned).

Vanquished Creatures
  the Royal Jelly (Slime:5)
  A dread lich (Crypt:3)
  An ancient lich (D:15)
  A juggernaut (Depths:3)
  2 royal mummies (Crypt:1)
  Saint Roka (Elf:2)
  Margery (Vaults:5)
  2 golden dragons
  A bone dragon (Vaults:3)
  A shard shrike zombie (Crypt:3)
  Rupert (D:14)
  Mlioglotl (Swamp:1)
  3 tentacled monstrosities (Vaults:4)
  4 liches
  A walking divine tome (Depths:2)
  Asterion (Elf:2)
  A walking earthen tome (Depths:2)
  2 deep elf master archers (Elf:3)
  3 titans
  2 quicksilver dragons (Vaults:4)
  16 acid blobs
  Gastronok (Lair:1)
  6 ancient champions
  9 sphinxes
  A deep elf blademaster (Elf:3)
  Roxanne (Elf:2)
  3 storm dragons
  2 rockslimes (Slime:5)
  2 revenants
  Donald (Swamp:1)
  7 azure jellies (Slime:5)
  3 tengu reavers
  An iron dragon (Vaults:5)
  5 fire giants
  A fenstrider witch (Swamp:4)
  4 shadow dragons
  9 frost giants
  2 emperor scorpions (Spider:4)
  4 spectral caustic shrikes (Depths:3)
  5 vault wardens
  3 ghost moths (Spider:4)
  6 deep elf sorcerers
  A draconian annihilator (Depths:4)
  4 curse skulls
  A spriggan defender (Depths:2)
  An ironbound thunderhulk (Vaults:1)
  3 ghouls (Crypt:3)
  A draconian shifter (Depths:4)
  A deep elf elementalist (Elf:3)
  13 ironbound preservers
  8 very ugly things
  5 stone giants
  8 quicksilver oozes
  2 broodmothers
  A war gargoyle (Vaults:4)
  5 vampire knights
  A lorocyproca (Depths:2)
  A caustic shrike skeleton (Crypt:2)
  A yellow draconian (Depths:4)
  2 eleionomae
  5 bunyips
  3 deep elf demonologists
  4 dire elephants
  2 spark wasps
  5 deep elf annihilators
  6 deep elf death magi
  2 eidola (Crypt:1)
  9 ettins
  5 mummy priests
  9 entropy weavers
  6 fire dragons
  8 great orbs of eyes
  2 jiangshi
  A shambling mangrove (Swamp:1)
  10 yaktaur captains
  3 deep elf high priests
  An entropy weaver (shapeshifter) (D:14)
  A spriggan zombie (Crypt:2)
  6 ice dragons
  6 spriggan air magi
  Harold (Lair:1)
  10 ogre magi
  2 rakshasas (Depths:2)
  A catoblepas (Lair:4)
  A fenstrider witch zombie (Crypt:2)
  26 vault guards
  12 centaur warriors
  A ghost crab (Swamp:4)
  10 hydras
  2 death knights
  6 ironbound frosthearts
  An alligator (shapeshifter) (Depths:3)
  17 death yaks
  3 alligators
  5 death scarabs (Tomb:1)
  11 dancing weapons
  4 deep troll shamans
  4 boulder beetles
  2 tengu warriors
  6 two-headed ogres
  5 spriggan berserkers
  3 vampire magi
  3 orc high priests (Orc:2)
  7 deep troll earth magi
  3 hell knights
  6 deep elf knights
  An iron troll (Depths:4)
  A salamander mystic (Depths:3)
  2 fire crabs
  2 shadow wraiths
  A death drake (shapeshifter) (Vaults:5)
  2 pharaoh ants
  23 deep trolls
  A skyshark (Lair:5)
  6 spriggan druids
  5 flayed ghosts
  A goliath frog (Swamp:4)
  An orb spider (shapeshifter) (Depths:4)
  5 skeletal warriors
  4 bog bodies
  3 glowing orange brains
  2 orb spiders
  2 swamp dragons (Swamp:4)
  4 phantasmal warriors
  A harpy (Vaults:2)
  9 deep elf archers
  A spriggan simulacrum (Tomb:2)
  9 lindwurms
  7 wizards
  10 ironbound convokers
  3 steelbarb worms (Spider:2)
  13 deep elf zephyrmancers
  A nameless horror (D:13)
  4 orc knights
  11 wolf spiders
  13 necromancers
  19 ugly things
  12 deep elf pyromancers
  2 will-o-the-wisps (Swamp:2)
  8 orc sorcerers
  A manticore (D:13)
  A human zombie (Vaults:3)
  3 salamanders (Depths:3)
  An iron dragon skeleton (Tomb:2)
  4 shining eyes
  A human skeleton (Vaults:3)
  6 cyclopes
  A cyclops (shapeshifter) (Vaults:5)
  A stone giant skeleton (Crypt:3)
  A centaur zombie (Crypt:2)
  30 elephants
  A moth of wrath (shapeshifter) (Vaults:5)
  4 black mambas
  4 eyes of devastation
  A guardian serpent (shapeshifter) (Vaults:5)
  3 gargoyles
  A molten gargoyle (Swamp:4)
  An ice statue (IceCv)
  2 centaur skeletons
  3 torpor snails
  9 vault sentinels
  2 demonic crawlers
  A dire elephant skeleton (Crypt:2)
  8 unseen horrors
  10 cane toads
  6 rime drakes
  11 yaktaurs
  5 komodo dragons
  3 freezing wraiths
  A green draconian skeleton (Crypt:1)
  An efreet (D:13)
  11 guardian mummies
  2 tengu conjurers
  A troll (D:10)
  A troll (shapeshifter) (D:13)
  8 polar bears
  A purple draconian skeleton (Crypt:2)
  7 tyrant leeches
  A grey draconian skeleton (Crypt:3)
  11 hornets
  A shadow dragon simulacrum (Crypt:3)
  7 tarantellas
  19 blink frogs
  2 dream sheep (Lair:5)
  A dream sheep (shapeshifter) (Vaults:5)
  A great orb of eyes zombie (Crypt:3)
  A large abomination (Depths:3)
  76 slime creatures
  3 culicivoras
  An air elemental (Elf:2)
  3 flying skulls (Tomb:2)
  3 jumping spiders
  An ettin skeleton (Crypt:3)
  11 spriggans
  7 wraiths
  A shadow (D:12)
  A hog (shapeshifter) (D:11)
  7 water elementals
  60 yaks
  5 steam dragons
  2 ushabtiu (Tomb:2)
  2 vampires
  6 golden eyes
  3 wyverns
  2 fire elementals (Elf:1)
  33 redbacks
  A death yak simulacrum (Lair:5)
  3 basilisks
  13 vampire mosquitoes
  A spectral cane toad (Lair:5)
  3 wargs
  8 swamp worms
  2 acid dragons
  15 water moccasins
  An ice beast (D:6)
  3 black bears
  17 orc warriors
  6 swamp drakes
  An ettin simulacrum (Crypt:2)
  An elephant zombie (Lair:5)
  A black mamba simulacrum (Crypt:3)
  10 ogres
  18 wolves
  9 centaurs
  2 elephant skeletons (Lair:5)
  4 kobold brigands
  12 bullfrogs
  A necrophage (Crypt:3)
  A gnoll sergeant (D:10)
  A komodo dragon skeleton (Crypt:3)
  5 scorpions
  A yaktaur skeleton (Crypt:3)
  A draconian skeleton (Crypt:2)
  10 wights
  A troll zombie (Crypt:1)
  7 killer bees
  3 howler monkeys
  2 hounds
  3 jellies
  15 orc priests
  A gnoll bouda (D:7)
  2 sleepcaps
  2 iguanas
  21 orc wizards
  8 hell rats
  5 mummies
  5 river rats (Lair:2)
  6 adders
  17 gnolls
  5 white imps
  A worm (D:5)
  6 dart slugs
  92 orcs
  5 bats
  9 endoplasms
  3 giant cockroaches
  6 goblins
  12 hobgoblins
  5 jackals
  28 kobolds
  3 quokkas
  6 ball pythons
  4 frilled lizards
  10 rats
1490 creatures vanquished.

Vanquished Creatures (collateral kills)
  An ancient lich (Crypt:3)
  3 royal mummies
  2 golden dragons
  2 tentacled monstrosities
  4 liches
  A deep elf blademaster (Elf:3)
  3 titans
  7 acid blobs
  7 sphinxes
  3 ancient champions
  2 shadow dragons
  Agnes (D:15)
  6 rockslimes
  6 tengu reavers
  11 fire giants
  An azure jelly (Slime:2)
  A frost giant (shapeshifter) (Vaults:4)
  6 vault wardens
  2 iron dragons
  6 frost giants
  4 emperor scorpions (Spider:4)
  A spectral caustic shrike (Depths:3)
  2 deep elf elementalists (Elf:3)
  7 ironbound preservers
  3 ghouls
  4 ironbound thunderhulks
  2 orc warlords
  A broodmother (Spider:4)
  A quicksilver ooze (Slime:5)
  13 stone giants
  5 vampire knights
  4 very ugly things
  A rockslime zombie (Crypt:3)
  3 war gargoyles
  A green draconian (Depths:4)
  3 yellow draconians (Depths:4)
  2 deep elf demonologists (Elf:3)
  5 eleionomae
  4 dire elephants
  6 deep elf annihilators
  The ghost of Ennayg Yte the Covert, a journeyman DEIE of Sif Muna (Spider:3)
  A spark wasp (Spider:3)
  A white draconian (Depths:4)
  Azrael (Elf:1)
  3 bunyips
  A deep elf death mage (Vaults:5)
  A purple draconian (Depths:4)
  3 mummy priests
  A crystal guardian (Vaults:4)
  Josephine (D:15)
  2 entropy weavers
  5 ettins
  A jiangshi (Crypt:3)
  4 great orbs of eyes
  4 yaktaur captains
  5 deep elf high priests
  7 fire dragons
  3 rakshasas
  7 hydras (Swamp:4)
  3 shambling mangroves
  4 spriggan air magi
  2 peacekeepers
  A ghost crab (Swamp:1)
  5 ironbound frosthearts
  3 vault guards (D:14)
  5 ice dragons
  2 radroaches
  4 centaur warriors
  Erica (Orc:1)
  3 boulder beetles
  4 two-headed ogres (D:15)
  A death knight (Crypt:1)
  18 dancing weapons
  A boulder beetle (shapeshifter) (Elf:3)
  An orc high priest (Orc:1)
  5 tengu warriors
  7 alligators
  3 deep troll shamans
  11 death scarabs
  6 death yaks
  3 vampire magi (Crypt:3)
  3 spriggan berserkers
  A deep troll earth mage (Depths:2)
  10 spriggans
  12 hell knights
  3 iron trolls
  A soul eater (Crypt:3)
  A sun demon (Depths:2)
  9 deep elf knights
  A shadow wraith (Crypt:2)
  A fire crab (Swamp:4)
  11 nameless horrors
  A sixfirhy (Depths:2)
  A spectral anaconda (Lair:5)
  A goliath frog (Swamp:2)
  26 deep trolls
  10 skeletal warriors
  A ghost moth zombie (Crypt:3)
  An iron giant zombie (Crypt:1)
  2 swamp dragons
  A flayed ghost (Crypt:3)
  An obsidian statue (Lair:5)
  A glowing orange brain (Depths:3)
  A spriggan druid (Swamp:1)
  6 deep elf archers
  6 ironbound convokers
  3 lindwurms (Vaults:1)
  2 orb spiders
  7 orc knights
  A bunyip skeleton (Crypt:2)
  20 deep elf pyromancers
  A goliath frog zombie (Crypt:2)
  8 deep elf zephyrmancers
  A shadow dragon skeleton (Crypt:3)
  3 necromancers
  A phantasmal warrior (Crypt:3)
  9 wolf spiders
  An orc sorcerer (Orc:1)
  4 steelbarb worms
  2 will-o-the-wisps
  3 cyclopes
  A stone giant zombie (Crypt:1)
  A manticore (shapeshifter) (Vaults:4)
  A salamander (Depths:3)
  20 ugly things
  A salamander (shapeshifter) (D:14)
  13 elephants (Lair:5)
  A moth of wrath (Spider:1)
  An eye of devastation (shapeshifter) (D:13)
  An orange demon (Depths:2)
  8 vault sentinels
  A catoblepas zombie (Crypt:3)
  8 yaktaurs
  A cane toad (Lair:5)
  A naga skeleton (Crypt:2)
  4 demonic crawlers
  2 freezing wraiths (Crypt:2)
  A death yak zombie (Crypt:1)
  An efreet (D:14)
  A swamp worm zombie (Crypt:2)
  4 tengu conjurers
  11 guardian mummies
  A hydra zombie (Crypt:3)
  A red devil (Depths:2)
  6 tyrant leeches
  A queen bee (shapeshifter) (Depths:4)
  A death drake zombie (Crypt:2)
  3 meliai (D:14)
  A polar bear (IceCv)
  4 trolls
  8 hornets
  12 tarantellas
  2 bloated husks
  2 blink frogs (Lair:5)
  51 slime creatures
  A tarantella zombie (Crypt:1)
  3 dream sheep (Lair:5)
  13 jumping spiders
  A flying skull (Crypt:3)
  A centaur simulacrum (Crypt:2)
  An alligator skeleton (Crypt:1)
  A vampire (D:13)
  13 culicivoras
  3 water elementals
  A naga simulacrum (Tomb:1)
  A yak (IceCv)
  A basilisk (D:14)
  4 wraiths (D:15)
  4 fire elementals
  11 vampire mosquitoes
  An elf skeleton (Vaults:3)
  46 redbacks
  2 death yak simulacra (Lair:5)
  A chaos spawn (Depths:3)
  4 wargs
  10 swamp worms
  A two-headed ogre zombie (Crypt:2)
  6 swamp drakes
  A floating eye (Depths:4)
  2 hell hounds (Elf:1)
  16 orc warriors
  2 large abominations (Depths:3)
  A human zombie (Vaults:3)
  An elephant zombie (Lair:5)
  A wolf (IceCv)
  4 ogres
  A hog skeleton (Crypt:2)
  2 cane toad simulacra (Lair:5)
  2 earth elementals
  A warg zombie (Crypt:2)
  4 small abominations (Depths:3)
  An electric eel (Spider:4)
  7 orc priests
  4 orc wizards
  4 mummies (Tomb:1)
  8 white imps (Lair:5)
  18 orcs
  An endoplasm zombie (Crypt:3)
  A frilled lizard skeleton (Crypt:3)
  An orc zombie (Crypt:3)
  A fire vortex (Swamp:4)
860 creatures vanquished.

Vanquished Creatures (others)
  A deep elf pyromancer (Elf:2)
  A nameless horror (Swamp:1)
  A bloated husk (Swamp:1)
  A hornet (Swamp:2)
  2 spriggans
  A swamp worm (Swamp:4)
  A swamp drake (Swamp:4)
  A sky beast (D:7)
  An orc (Vaults:4)
  540 foxfires
  2 starspawn tentacles (Swamp:1)
552 creatures vanquished.

Grand Total: 2902 creatures vanquished

Notes
Turn   | Place    | Note
-------+----------+-------------------------------------------
     0 | D:1      | AIAndy the Gnoll Wanderer began the quest for the Orb.
     0 | D:1      | AIAndy set off with the following items: a +0 mace, a +0
                  | buckler, a potion of mutation, a +0 robe; and the following
                  | spell memorised: Sting; and the following spells available
                  | to memorise: Spider Form, Mephitic Cloud.
     0 | D:1      | Reached XP level 1. HP: 17/17 MP: 4/4
    70 | D:1      | Reached XP level 2. HP: 23/23 MP: 1/5
   322 | D:1      | Reached XP level 3. HP: 28/28 MP: 5/7
   690 | D:1      | Reached skill level 1 in Invocations
  1375 | D:2      | Reached skill level 1 in Short Blades
  1375 | D:2      | Reached skill level 1 in Long Blades
  1375 | D:2      | Reached skill level 1 in Axes
  1375 | D:2      | Reached skill level 1 in Polearms
  1375 | D:2      | Reached skill level 1 in Staves
  1375 | D:2      | Reached skill level 1 in Ranged Weapons
  1375 | D:2      | Reached skill level 1 in Throwing
  1375 | D:2      | Reached skill level 1 in Dodging
  1375 | D:2      | Reached skill level 1 in Stealth
  1375 | D:2      | Reached skill level 1 in Unarmed Combat
  1375 | D:2      | Reached skill level 1 in Evocations
  1415 | D:2      | Found a glowing silver altar of Zin.
  1808 | D:2      | Reached XP level 4. HP: 34/34 MP: 5/8
  2389 | D:3      | Reached skill level 1 in Conjurations
  2389 | D:3      | Reached skill level 1 in Hexes
  2389 | D:3      | Reached skill level 1 in Summonings
  2389 | D:3      | Reached skill level 1 in Necromancy
  2389 | D:3      | Reached skill level 1 in Translocations
  2389 | D:3      | Reached skill level 1 in Transmutations
  2389 | D:3      | Reached skill level 1 in Fire Magic
  2389 | D:3      | Reached skill level 1 in Ice Magic
  2389 | D:3      | Reached skill level 1 in Air Magic
  2389 | D:3      | Reached skill level 1 in Earth Magic
  2575 | D:3      | Reached XP level 5. HP: 35/40 MP: 7/9
  3126 | D:4      | Found a staircase to the Ecumenical Temple.
  3231 | Temple   | Entered the Ecumenical Temple
  3236 | Temple   | Became a worshipper of Vehumet
  3276 | D:4      | Reached skill level 5 in Maces & Flails
  3276 | D:4      | Reached skill level 2 in Ranged Weapons
  3276 | D:4      | Reached skill level 5 in Shields
  3276 | D:4      | Reached XP level 6. HP: 44/47 MP: 8/11
  3298 | D:4      | Found Vame's Distillery.
  3304 | D:4      | Found Zukuru's Distillery.
  3312 | D:4      | Bought a potion of heal wounds for 65 gold pieces
  3344 | D:4      | Bought a potion of curing for 33 gold pieces
  3613 | D:4      | Found Huav's Jewellery Shoppe.
  3619 | D:4      | Found Egupaah's Book Emporium.
  3669 | D:4      | Reached XP level 7. HP: 49/52 MP: 6/12
  3886 | D:4      | Found Foehenac's Armour Shoppe.
  3938 | D:4      | Reached * piety under Vehumet
  3938 | D:4      | Offered knowledge of Foxfire by Vehumet.
  3941 | D:4      | Learned a level 1 spell: Foxfire
  4022 | D:4      | Found a bloodstained altar of Trog.
  4478 | D:5      | Entered Level 5 of the Dungeon
  5318 | D:5      | Reached skill level 3 in Ranged Weapons
  5318 | D:5      | Reached XP level 8. HP: 58/60 MP: 8/14
  5576 | D:6      | Found Uphi's Antique Armour Shop.
  5663 | D:6      | Offered knowledge of Kiss of Death by Vehumet.
  5762 | D:6      | Reached ** piety under Vehumet
  6113 | D:6      | Found Paxkaf's Assorted Antiques.
  6389 | D:6      | Identified the +5 ring mail of Vetejy {Int+2}
  6434 | D:6      | Found Fiemeg's Jewellery Shoppe.
  6441 | D:6      | Found Okkasky's Weapon Shoppe.
  6593 | D:6      | Found Roypteco's Assorted Antiques.
  6943 | D:6      | Reached XP level 9. HP: 54/66 MP: 10/16
  7040 | D:7      | Reached skill level 4 in Ranged Weapons
  7058 | D:6      | Reached skill level 5 in Spellcasting
  7239 | D:6      | Offered knowledge of Volatile Blastmotes by Vehumet.
  7482 | D:7      | Reached skill level 5 in Fighting
  7482 | D:7      | Reached skill level 5 in Armour
  7633 | D:7      | Reached *** piety under Vehumet
  7638 | D:7      | Learned a level 3 spell: Mephitic Cloud
  7642 | D:7      | Learned a level 3 spell: Ignite Poison
  7822 | D:7      | Noticed a hornet
  7935 | D:7      | Reached skill level 5 in Invocations
  7955 | D:7      | Found a glowing silver altar of Zin.
  8204 | D:7      | Killed a hornet
  8277 | D:8      | Found an iron altar of Okawaru.
  8723 | D:8      | Reached skill level 5 in Short Blades
  8723 | D:8      | Reached skill level 5 in Long Blades
  8723 | D:8      | Reached skill level 5 in Axes
  8723 | D:8      | Reached skill level 5 in Polearms
  8723 | D:8      | Reached skill level 5 in Staves
  8723 | D:8      | Reached skill level 5 in Ranged Weapons
  8723 | D:8      | Reached skill level 5 in Throwing
  8723 | D:8      | Reached skill level 5 in Dodging
  8723 | D:8      | Reached skill level 5 in Stealth
  8723 | D:8      | Reached skill level 5 in Unarmed Combat
  8723 | D:8      | Reached skill level 5 in Evocations
  8723 | D:8      | Reached XP level 10. HP: 67/76 MP: 13/18
  8915 | D:8      | Offered knowledge of Iskenderun's Mystic Blast by Vehumet.
  8921 | D:8      | Learned a level 4 spell: Iskenderun's Mystic Blast
  9406 | D:9      | Found a blossoming altar of Fedhas.
  9473 | D:9      | Found a snail-covered altar of Cheibriados.
  9589 | D:9      | Identified the +0 cloak of the Cicada {Int+3}
  9930 | D:9      | Found an ancient bone altar of Kikubaaqudgha.
 10348 | D:9      | Found a white marble altar of Elyvilon.
 10439 | D:10     | Entered Level 10 of the Dungeon
 10646 | D:10     | Found Gutzusiw's Distillery.
 10871 | D:10     | Found a staircase to the Lair.
 11119 | D:10     | Noticed a gargoyle
 11177 | D:10     | Killed a gargoyle
 11178 | D:10     | Reached skill level 6 in Ranged Weapons
 11178 | D:10     | Reached skill level 5 in Conjurations
 11178 | D:10     | Reached skill level 5 in Hexes
 11178 | D:10     | Reached skill level 5 in Summonings
 11178 | D:10     | Reached skill level 5 in Necromancy
 11178 | D:10     | Reached skill level 5 in Translocations
 11178 | D:10     | Reached skill level 5 in Transmutations
 11178 | D:10     | Reached skill level 5 in Fire Magic
 11178 | D:10     | Reached skill level 5 in Ice Magic
 11178 | D:10     | Reached skill level 5 in Air Magic
 11178 | D:10     | Reached skill level 5 in Earth Magic
 11482 | D:10     | Reached XP level 11. HP: 68/83 MP: 9/21
 12053 | D:10     | Reached **** piety under Vehumet
 12206 | D:10     | Offered knowledge of Fulminant Prism by Vehumet.
 12382 | D:4      | Bought the ring of the Mage {Wiz Archmagi} for 510 gold
                  | pieces
 12382 | D:4      | Found the ring of the Mage {Wiz Archmagi}
 12845 | D:10     | Noticed a centaur warrior
 12853 | D:10     | Killed a centaur warrior
 13635 | D:11     | Noticed a two-headed ogre
 13642 | D:11     | Killed a two-headed ogre
 13825 | D:11     | Found a staircase to the Orcish Mines.
 14281 | D:11     | Noticed a yaktaur captain
 14281 | D:11     | Noticed an anaconda
 14281 | D:11     | Noticed a white ugly thing
 14281 | D:11     | Noticed a red ugly thing
 14281 | D:11     | an anaconda changed into a snapping turtle
 14289 | D:11     | Killed a red ugly thing
 14290 | D:11     | Reached skill level 7 in Ranged Weapons
 14290 | D:11     | Killed a red ugly thing
 14298 | D:11     | Killed a yaktaur captain
 14299 | D:11     | Reached XP level 12. HP: 42/92 MP: 12/23
 14540 | D:11     | Identified the amulet "Wicedu" {Acrobat Will+ Regen+ Int-4
                  | Dex+4}
 15165 | D:12     | Reached ***** piety under Vehumet
 15201 | D:12     | Noticed a two-headed ogre
 15207 | D:12     | Killed a two-headed ogre
 15259 | D:12     | Noticed a two-headed ogre
 15290 | D:12     | Killed a two-headed ogre
 15450 | D:12     | Offered knowledge of Ozocubu's Refrigeration by Vehumet.
 15459 | D:12     | Learned a level 7 spell: Ozocubu's Refrigeration
 15711 | Lair:1   | Entered Level 1 of the Lair of Beasts
 15711 | Lair:1   | Noticed Harold
 15721 | Lair:1   | Killed Harold
 16106 | D:10     | Reached skill level 8 in Ranged Weapons
 16160 | Lair:1   | Noticed Gastronok
 16174 | Lair:1   | Killed Gastronok
 16457 | Lair:1   | Reached XP level 13. HP: 98/99 MP: 7/25
 16795 | Lair:1   | Learned a level 6 spell: Iron Shot
 17511 | Lair:2   | Identified a scroll of acquirement
 17511 | Lair:2   | Acquired 501 gold pieces
 18150 | D:4      | Bought a potion of experience for 550 gold pieces
 18150 | D:4      | Reached skill level 10 in Maces & Flails
 18150 | D:4      | Reached skill level 10 in Shields
 18150 | D:4      | Reached XP level 14. HP: 108/108 MP: 25/27
 18533 | Lair:2   | Reached skill level 9 in Ranged Weapons
 18632 | Lair:2   | You fall into a shaft and drop 2 floors!
 18918 | Lair:3   | Reached skill level 10 in Invocations
 19102 | Lair:3   | Got the Codex of the Wary Towns
 19139 | Lair:2   | Found a transporter.
 19595 | Lair:2   | Found a transporter.
 19597 | Lair:2   | Noticed Peloso's ghost (journeyman MiFi)
 19666 | Lair:2   | Found a staircase to the Swamp.
 20530 | Lair:3   | Found a hole to the Spider Nest.
 20625 | Lair:3   | Reached skill level 10 in Spellcasting
 20918 | Lair:3   | Reached skill level 10 in Fighting
 20918 | Lair:3   | Reached skill level 10 in Armour
 21108 | Lair:3   | Offered knowledge of Starburst by Vehumet.
 21464 | Lair:4   | Reached XP level 15. HP: 115/115 MP: 18/29
 22156 | Lair:4   | Reached skill level 10 in Poison Magic
 22279 | Lair:4   | Reached skill level 10 in Short Blades
 22279 | Lair:4   | Reached skill level 10 in Long Blades
 22279 | Lair:4   | Reached skill level 10 in Axes
 22279 | Lair:4   | Reached skill level 10 in Polearms
 22279 | Lair:4   | Reached skill level 10 in Staves
 22279 | Lair:4   | Reached skill level 10 in Ranged Weapons
 22279 | Lair:4   | Reached skill level 10 in Throwing
 22279 | Lair:4   | Reached skill level 10 in Dodging
 22279 | Lair:4   | Reached skill level 10 in Stealth
 22279 | Lair:4   | Reached skill level 10 in Unarmed Combat
 22279 | Lair:4   | Reached skill level 10 in Evocations
 22640 | Lair:4   | Found a runed translucent door.
 22644 | Lair:4   | Found a viscous altar of Jiyva.
 22644 | Lair:4   | Found a staircase to the Slime Pits.
 22644 | Lair:4   | Noticed an acid blob
 22644 | Lair:4   | Noticed an acid blob
 23130 | Lair:5   | Entered Level 5 of the Lair of Beasts
 23499 | Lair:5   | Found a frozen archway.
 23651 | IceCv    | Entered an ice cave
 24168 | IceCv    | Learned a level 7 spell: Spellforged Servitor
 25202 | Lair:5   | Offered knowledge of Plasma Beam by Vehumet.
 25372 | Lair:5   | Learned a level 6 spell: Plasma Beam
 25434 | Lair:5   | Reached XP level 16. HP: 99/124 MP: 0/31
 26129 | Lair:5   | Reached skill level 11 in Ranged Weapons
 27264 | Orc:1    | Entered Level 1 of the Orcish Mines
 27279 | Orc:1    | Found a radiant altar of Vehumet.
 27645 | Orc:2    | Entered Level 2 of the Orcish Mines
 27662 | Orc:2    | Found a staircase to the Elven Halls.
 27685 | Orc:2    | Offered knowledge of Conjure Ball Lightning by Vehumet.
 28086 | Orc:2    | Found Fuskuanu's Weapon Boutique.
 28100 | Orc:2    | Found Wimegg's Distillery.
 28256 | Orc:2    | Found Tiogoi's Magic Scroll Shoppe.
 28260 | Orc:2    | Found Ogyt Puw's Book Boutique.
 28848 | Orc:1    | Noticed Erica
 28851 | Orc:1    | Killed Erica
 28852 | Orc:1    | Reached skill level 12 in Ranged Weapons
 29348 | Orc:2    | Bought a potion of brilliance for 56 gold pieces
 29598 | D:4      | Bought a ring of wizardry for 300 gold pieces
 29860 | Swamp:1  | Entered Level 1 of the Swamp
 30163 | Swamp:1  | Noticed Mlioglotl
 30310 | Swamp:1  | Noticed Donald
 30589 | Swamp:1  | Killed Donald
 30648 | Swamp:1  | Noticed a tentacled starspawn
 30666 | Swamp:1  | Killed Mlioglotl
 30816 | Swamp:1  | Reached ****** piety under Vehumet
 30817 | Swamp:1  | Reached XP level 17. HP: 129/133 MP: 13/32
 30998 | Swamp:1  | Offered knowledge of Fireball by Vehumet.
 31848 | Swamp:2  | Identified the +1 short sword "Fesaoh" {elec, +Blink rF+++
                  | Int+4 Stlth-}
 32957 | Swamp:3  | Reached skill level 10 in Conjurations
 32957 | Swamp:3  | Reached skill level 10 in Hexes
 32957 | Swamp:3  | Reached skill level 10 in Summonings
 32957 | Swamp:3  | Reached skill level 10 in Necromancy
 32957 | Swamp:3  | Reached skill level 10 in Translocations
 32957 | Swamp:3  | Reached skill level 10 in Transmutations
 32957 | Swamp:3  | Reached skill level 10 in Fire Magic
 32957 | Swamp:3  | Reached skill level 10 in Ice Magic
 32957 | Swamp:3  | Reached skill level 10 in Air Magic
 32957 | Swamp:3  | Reached skill level 10 in Earth Magic
 32967 | Swamp:3  | Reached skill level 13 in Ranged Weapons
 33866 | Swamp:4  | Entered Level 4 of the Swamp
 34318 | Swamp:4  | Offered knowledge of Lee's Rapid Deconstruction by Vehumet.
 35800 | Swamp:4  | Got a decaying rune of Zot
 35854 | Swamp:4  | Noticed GeoRichter's ghost (adept DrHs)
 35879 | Swamp:4  | Reached XP level 18. HP: 138/141 MP: 14/34
 36508 | Swamp:4  | Found a runed translucent gate.
 36508 | Swamp:4  | Found a runed translucent gate.
 36508 | Swamp:4  | Found a runed translucent gate.
 36710 | Spider:1 | Entered Level 1 of the Spider Nest
 36734 | Spider:1 | Reached skill level 14 in Ranged Weapons
 38056 | Spider:2 | Offered knowledge of Maxwell's Capacitive Coupling by
                  | Vehumet.
 39336 | Spider:2 | Learned a level 8 spell: Lehudib's Crystal Spear
 41069 | Spider:3 | Found a runed translucent door.
 41069 | Spider:3 | Noticed Ennayg Yte's ghost (journeyman DEIE)
 41079 | Spider:3 | Killed Ennayg Yte's ghost
 41568 | Spider:4 | Entered Level 4 of the Spider Nest
 41676 | Spider:4 | Reached skill level 15 in Ranged Weapons
 42251 | Spider:4 | Reached XP level 19. HP: 149/149 MP: 4/36
 42305 | Spider:4 | Offered knowledge of Shatter by Vehumet.
 42305 | Spider:4 | Offered knowledge of Chain Lightning by Vehumet.
 42305 | Spider:4 | Offered knowledge of Polar Vortex by Vehumet.
 42888 | Spider:4 | Got a gossamer rune of Zot
 43364 | D:13     | Found Vyhib's Armour Shop.
 43385 | D:13     | Found Zyunis's Antique Weapon Emporium.
 44087 | D:14     | Noticed Rupert
 44744 | D:14     | Found a gate to the Vaults.
 45204 | D:14     | Killed Rupert
 45757 | D:15     | Entered Level 15 of the Dungeon
 45762 | D:15     | Found a staircase to the Depths.
 45843 | D:15     | Noticed Josephine
 45848 | D:15     | Killed Josephine
 46779 | D:15     | Identified the +6 mace of Outrage {venom, rElec Dex+4 SInv}
 46987 | D:15     | Noticed Agnes
 46990 | D:15     | Killed Agnes
 46991 | D:15     | Reached skill level 16 in Ranged Weapons
 47728 | Elf:1    | Entered Level 1 of the Elven Halls
 47808 | Elf:1    | Noticed Azrael
 47810 | Elf:1    | Killed Azrael
 48554 | Elf:1    | Reached XP level 20. HP: 159/159 MP: 22/38
 49155 | Elf:2    | Paralysed by an air elemental for 1 turns
 49228 | Elf:2    | Reached skill level 15 in Invocations
 49334 | Elf:2    | Noticed Saint Roka
 49339 | Elf:2    | Killed Saint Roka
 49431 | Elf:2    | Found Panojab's Assorted Antiques.
 49596 | Elf:2    | Identified Roxanne's Guidebook on Shaping
 49596 | Elf:2    | Noticed Roxanne
 49601 | Elf:2    | Killed Roxanne
 49776 | Elf:2    | Found a runed translucent gate.
 49776 | Elf:2    | Found a runed translucent gate.
 49777 | Elf:2    | Found a runed translucent gate.
 50346 | Elf:2    | Noticed Asterion
 50351 | Elf:2    | Killed Asterion
 51212 | Elf:3    | Entered Level 3 of the Elven Halls
 51261 | Elf:3    | Found Kecoi's General Store.
 51261 | Elf:3    | Found Bayhim's Book Emporium.
 51262 | Elf:3    | Found Biogaugu's Magic Scroll Emporium.
 51268 | Elf:3    | Found Istaophu's Weapon Shoppe.
 51425 | Elf:3    | Bought a scroll of acquirement for 988 gold pieces
 51427 | Elf:3    | Acquired 901 gold pieces
 51721 | Elf:3    | Identified the +3 flail of Bioli {freeze, *Rage Will+++
                  | Int+3}
 51722 | Elf:3    | Reached skill level 17 in Ranged Weapons
 51738 | Elf:3    | Identified the ring of Caqel {MP+9 Int-2 SInv Stlth+}
 52118 | Elf:3    | Found an ancient bone altar of Kikubaaqudgha.
 52427 | Elf:3    | Reached skill level 15 in Maces & Flails
 52427 | Elf:3    | Reached skill level 15 in Shields
 52430 | Elf:3    | Noticed a Tzitzimitl
 52733 | Elf:3    | Identified the ring "Vahid" {rF+ Will+ Int-3 Dex+9}
 52735 | Elf:3    | Identified the ring "Dufil" {rCorr Stlth+}
 52952 | Elf:3    | Identified the +8 rapier "Yhocyome" {vamp, rElec Str-5
                  | Stlth+}
 52955 | Elf:3    | Reached XP level 21. HP: 163/164 MP: 20/39
 53071 | Elf:3    | Got the Book of Supportive Lamentation
 53072 | Elf:3    | Identified the staff of conjuration "Dioqiutt" {rC- Will+++
                  | Dex-4 SInv}
 53172 | Elf:3    | Found the +2 cloak of the Thief {*Fog Slay-2 SInv Stlth+}
 53508 | Elf:2    | Bought a wand of roots (1) for 45 gold pieces
 53508 | Elf:2    | Bought a potion of heal wounds for 95 gold pieces
 53509 | Elf:2    | Bought a scroll of enchant armour for 142 gold pieces
 53509 | Elf:2    | Bought 2 potions of mutation for 304 gold pieces
 53509 | Elf:2    | Bought a thin pearl amulet for 95 gold pieces
 53558 | Elf:3    | Bought a scroll of teleportation for 57 gold pieces
 53558 | Elf:3    | Bought a scroll of blinking for 142 gold pieces
 53748 | Vaults:1 | Entered Level 1 of the Vaults
 54123 | Vaults:1 | Identified the +5 flail of the Warrior-Mage {drain, Int+3}
 55343 | Vaults:2 | Reached skill level 15 in Spellcasting
 55629 | Vaults:2 | Reached skill level 15 in Fighting
 55629 | Vaults:2 | Reached skill level 15 in Armour
 55819 | Vaults:2 | Reached skill level 18 in Ranged Weapons
 56882 | Vaults:3 | Reached skill level 15 in Short Blades
 56882 | Vaults:3 | Reached skill level 15 in Long Blades
 56882 | Vaults:3 | Reached skill level 15 in Axes
 56882 | Vaults:3 | Reached skill level 15 in Polearms
 56882 | Vaults:3 | Reached skill level 15 in Staves
 56882 | Vaults:3 | Reached skill level 15 in Throwing
 56882 | Vaults:3 | Reached skill level 15 in Dodging
 56882 | Vaults:3 | Reached skill level 15 in Stealth
 56882 | Vaults:3 | Reached skill level 15 in Unarmed Combat
 56882 | Vaults:3 | Reached skill level 15 in Evocations
 56933 | Vaults:3 | Identified the +1 battleaxe of Hubris {freeze, rF+}
 57382 | Vaults:3 | Noticed a bone dragon
 57392 | Vaults:3 | Killed a bone dragon
 57437 | Vaults:3 | Found a staircase to the Crypt.
 57782 | Vaults:3 | Reached XP level 22. HP: 175/175 MP: 35/41
 58252 | Vaults:3 | Learned a level 8 spell: Ignition
 58304 | Vaults:4 | Found Test's General Store.
 59328 | Vaults:4 | Reached skill level 19 in Ranged Weapons
 59798 | Vaults:4 | Found Zyczaonaqu's Distillery.
 59802 | Vaults:4 | Bought a potion of magic for 128 gold pieces
 59802 | Vaults:4 | Bought a potion of heal wounds for 80 gold pieces
 59802 | Vaults:4 | Bought a potion of mutation for 128 gold pieces
 59810 | Vaults:4 | Found Yschablap's Weapon Shoppe.
 60015 | Vaults:5 | Entered Level 5 of the Vaults
 60756 | Vaults:4 | Reached XP level 23. HP: 121/184 MP: 21/43
 61971 | Vaults:5 | Identified the +3 plate armour of Dixzud {rF++}
 62135 | Vaults:5 | Noticed a golden dragon
 62138 | Vaults:5 | Killed a golden dragon
 62139 | Vaults:5 | Reached skill level 20 in Ranged Weapons
 62311 | Vaults:5 | Noticed a golden dragon
 62317 | Vaults:5 | Killed a golden dragon
 62342 | Vaults:5 | Identified the ring of Megalomania {Fire +Blink rPois rCorr
                  | Dex-2}
 62489 | Vaults:5 | Found the +5 Storm Queen's Shield {shock, Fly rElec}
 62499 | Vaults:5 | Identified the +1 chain mail of Xom's Condemnation {rC+
                  | Int+3}
 62503 | Vaults:5 | Identified the +1 plate armour of Asieg {rElec}
 62505 | Vaults:5 | Identified the staff of conjuration "Gemone" {Int+2}
 62506 | Vaults:5 | Identified the +8 dagger of Misus {freeze, rC+}
 62604 | Vaults:5 | Identified the +0 plate armour of the Pleiades {Rampage
                  | rElec rC+}
 62609 | Vaults:5 | Noticed Margery
 62619 | Vaults:5 | Killed Margery
 63059 | Vaults:5 | Got a silver rune of Zot
 63341 | Vaults:5 | Identified the +6 chain mail of Privacy {Str+3}
 63483 | Depths:1 | Entered Level 1 of the Depths
 63483 | Depths:1 | Found Monaodi's Antique Armour Emporium.
 63531 | Depths:1 | Noticed an ancient lich
 63761 | D:15     | Killed an ancient lich
 64260 | Depths:1 | Got the Tome of the Ground
 64305 | Depths:1 | Reached skill level 15 in Poison Magic
 64477 | Depths:1 | Reached XP level 24. HP: 193/193 MP: 40/43
 64564 | Depths:1 | Found a gateway to Hell.
 64640 | Depths:1 | Found a one-way gate to the infinite horrors of the Abyss.
 65073 | Depths:1 | Identified the ring of Yffulikk {rElec rPois Str+3}
 65370 | Depths:1 | Got the Handbook of Atmospheric Hypothermia
 66488 | Depths:2 | Reached skill level 21 in Ranged Weapons
 66901 | Depths:2 | Found a one-way gate leading to the halls of Pandemonium.
 67075 | Depths:2 | Found an iron altar of Okawaru.
 67888 | Depths:3 | Identified the +6 great mace of Subjectivity {heavy, Will+
                  | Dex+4 SInv}
 68624 | Depths:3 | Noticed a juggernaut
 68631 | Depths:3 | Killed a juggernaut
 68903 | Depths:3 | Reached XP level 25. HP: 201/201 MP: 6/44
 69835 | Depths:4 | Entered Level 4 of the Depths
 70464 | Depths:4 | Found Gousoh's Vocational Training.
 70489 | Depths:4 | Bought a manual of Evocations for 1280 gold pieces
 70500 | Depths:4 | Identified the +0 robe "Renyeq" {+Blink rPois Will- Str+5}
 70547 | Depths:4 | Found a one-way gateway to a ziggurat.
 71206 | Depths:4 | Found a gate to the Realm of Zot.
 71239 | Depths:4 | Paralysed by a floating eye for 4 turns
 71765 | D:6      | Bought the -2 hat of the Alchemist {rElec rPois rF+ rC+ rN+
                  | Will+ rMut rCorr} for 944 gold pieces
 71765 | D:6      | Found the -2 hat of the Alchemist {rElec rPois rF+ rC+ rN+
                  | Will+ rMut rCorr}
 71765 | D:6      | Bought an embroidered cloak for 150 gold pieces
 71765 | D:6      | Bought a pair of runed boots for 150 gold pieces
 71972 | Lair:4   | Reached skill level 22 in Ranged Weapons
 72035 | Slime:1  | Entered Level 1 of the Pits of Slime
 72430 | Slime:2  | Reached skill level 15 in Conjurations
 72430 | Slime:2  | Reached skill level 15 in Hexes
 72430 | Slime:2  | Reached skill level 15 in Summonings
 72430 | Slime:2  | Reached skill level 15 in Necromancy
 72430 | Slime:2  | Reached skill level 15 in Translocations
 72430 | Slime:2  | Reached skill level 15 in Transmutations
 72430 | Slime:2  | Reached skill level 15 in Fire Magic
 72430 | Slime:2  | Reached skill level 15 in Ice Magic
 72430 | Slime:2  | Reached skill level 15 in Air Magic
 72430 | Slime:2  | Reached skill level 15 in Earth Magic
 73383 | Slime:5  | Entered Level 5 of the Pits of Slime
 73418 | Slime:5  | Noticed the Royal Jelly
 73423 | Slime:5  | Killed the Royal Jelly
 73685 | Slime:5  | Identified the +8 quarterstaff of the Sky {spect, rF- rCorr
                  | MP+9 Int+2}
 73691 | Slime:5  | Identified the +7 flail "Baluoc" {freeze, Int+2}
 73740 | Slime:5  | Identified the staff of air "Hucegir" {+Blink rElec rPois
                  | rC++ Dex-2}
 73745 | Slime:5  | Identified the +8 dagger "Nucut" {vamp, rElec rPois Str+3
                  | Stlth-}
 73747 | Slime:5  | Identified the +8 great sword "Eleac" {elec, Int+2 Dex+2}
 73798 | Slime:5  | Identified the +10 plate armour "Xuehun" {Harm}
 73802 | Slime:5  | Got a slimy rune of Zot
 73812 | Slime:5  | Identified the +1 great sword "Muqyunoa" {venom, rElec
                  | Int+4 Dex+3}
 73947 | Slime:5  | Reached XP level 26. HP: 211/211 MP: 42/45
 74599 | Crypt:1  | Entered Level 1 of the Crypt
 75012 | Crypt:1  | You are sucked into a shaft and drop 1 floor!
 75109 | Crypt:1  | Noticed a royal mummy
 75113 | Crypt:1  | Killed a royal mummy
 75333 | Crypt:1  | Noticed a royal mummy
 75333 | Crypt:1  | Noticed a royal mummy
 75336 | Crypt:1  | Killed a royal mummy
 75337 | Crypt:1  | Found the +7 sceptre of Torment {pain, torment}
 75340 | Crypt:1  | Killed a royal mummy
 77226 | Crypt:3  | Entered Level 3 of the Crypt
 77504 | Crypt:3  | Found the +9 sword of Power {lifebolt}
 77817 | Crypt:3  | Reached skill level 23 in Ranged Weapons
 78654 | Crypt:3  | Noticed a dread lich
 78654 | Crypt:3  | Noticed an ancient lich
 78902 | Crypt:3  | Identified the +1 buckler "Vequet" {rF+}
 78903 | Crypt:3  | Identified the ring "Otietamm" {rPois rF- rN+ rCorr SInv}
 78903 | Crypt:3  | Identified the ring of Circularity {rN+ Will+}
 78907 | Crypt:3  | Killed a dread lich
 78912 | Crypt:3  | Identified the +7 hand axe of Attainder {freeze, Dex+3}
 78926 | Crypt:3  | Killed an ancient lich
 79175 | Crypt:3  | Found a staircase to the Tomb.
 79181 | Crypt:3  | Reached XP level 27. HP: 219/219 MP: 45/45
 79184 | Tomb:1   | Entered Level 1 of the Tomb of the Ancients
 79707 | Tomb:1   | Noticed a royal mummy
 79712 | Tomb:1   | Killed a royal mummy
 79725 | Tomb:1   | Identified the staff of cold "Esoraqy" {rC+ Str+5 Int+3}
 80313 | Tomb:2   | Noticed a royal mummy
 80313 | Tomb:2   | Noticed a royal mummy
 80314 | Tomb:2   | Noticed Khufu
 80314 | Tomb:2   | Noticed a royal mummy
 80315 | Tomb:2   | Noticed a royal mummy
 80316 | Tomb:2   | Noticed a royal mummy
 80319 | Tomb:2   | Killed a royal mummy
 80319 | Tomb:2   | HP: 3/220 [something (17)]
 80320 | Tomb:2   | Killed from afar by Khufu

Illustrated notes

Levels and vault maps discovered:
D:1:      eino_arrival_water_star, layout_basic
D:2:      layout_loops_cross, basic_altar, minmay_hedge_maze
D:3:      layout_basic, minmay_three_crescents
D:4:      layout_loops_ring, kennysheep_mini_moat, minmay_temple_entry_ruins,
          serial_shops, shop, shop, shop, shop, nicolae_shop_stone,
          serial_co_window_serial, co_window_corner_a, co_window_paths_a,
          co_window_paths_a, co_window_paths_b, co_window_paths_b,
          co_window_unsneaky_path_d, co_window_corner_b,
          co_window_unsneaky_path_d, co_window_corner_ca,
          co_window_unsneaky_path_c, co_window_of_opportunity_b,
          co_window_paths_d, glass_columns_a, glass_columns_a,
          chequers_serial_rivers_micro_c, serial_bayou_pond_b
D:5:      layout_loops_cross
D:6:      layout_basic, serial_shops, nicolae_stop_n_shop_2, shop, shop_statue,
          shop, shop
D:7:      layout_rooms, mainiacjoe_overflow_concentric_impassable
D:8:      layout_basic, overflow_temple_1_default
D:9:      layout_rooms, kiku_gazebo_garden_becter, cheibriados_altar_1,
          lemuel_coloured_pillars_altar, mainiacjoe_overflow_brackets
D:10:     kennysheep_windowed_halls, layout_loops_ring, lair_entry_dummy,
          serial_shops, shop, worms_lemuel
D:11:     layout_loops_ring, david_orc_2, wad_scary_box
D:12:     layout_roguey
D:13:     layout_rooms, serial_shops, nicolae_shop_tiny_waterfront,
          nicolae_stop_n_shop_1, wad_floor_pattern_2
D:14:     layout_stronghold, lightli_vaults_fourway_checkpoint,
          nicolae_hitomezashi [nicolae_hito_row, nicolae_hito_row,
          nicolae_hito_row, nicolae_hito_row, nicolae_hito_row,
          nicolae_hito_row, nicolae_hito_row, nicolae_hito_row,
          nicolae_hito_row, nicolae_hito_row, nicolae_hito_row,
          nicolae_hito_row, nicolae_hito_row, nicolae_hito_row,
          nicolae_hito_row, nicolae_hito_row, nicolae_hito_row,
          nicolae_hito_row], uniq_rupert
D:15:     grunt_enter_depths_giant_problem, layout_basic,
          hellmonk_bongcloud_opening, uniq_agnes, uniq_josephine
Temple:   minmay_freezing_vapour_temple
Lair:1:   layout_hall_layers, nicolae_lair_lindhole, uniq_harold, uniq_gastronok
Lair:2:   layout_small_grid, skrybe_swamp_entry_bodies,
          gammafunk_ghost_berserking_beasts, kennysheep_rathole
Lair:3:   layout_concentric_octagons, dummy_spider_entry, grunt_megastairs_2
Lair:4:   nzn_winding_woodlands_medium [nzn_winding_woodlands_5x5_checkerboard,
          nzn_winding_woodlands_5x15_eye, nzn_winding_woodlands_5x5_open_star,
          nzn_winding_woodlands_5x5_default,
          nzn_winding_woodlands_center_diamonds,
          nzn_winding_woodlands_5x5_three, nzn_winding_woodlands_5x5_default,
          nzn_winding_woodlands_5x15_lazy_stream,
          nzn_winding_woodlands_hourglass], layout_loops_ring, slime_entry_2
Lair:5:   due_jungle_book, layout_cave_pods, portal_ice_cave_entry_imps,
          columned_hall_lemuel, grunt_megastairs_5
Swamp:1:  layout_basic_swamp, infiniplex_staircase_pool, swamp_pool1,
          hangedman_swamp_grove, uniq_mlioglotl, uniq_donald
Swamp:2:  layout_basic_swamp, hangedman_swamp_ruin_wall, swamp_pool2
Swamp:3:  layout_basic_swamp, evilmike_swamp_ruin_house_5,
          nicolae_swamp_bean_lake
Swamp:4:  swamp_fiery, layout_basic_swamp, gammafunk_ghost_necromancy,
          nicolae_swamp_bloodsuckers_inc
Spider:1: layout_spider_delve
Spider:2: layout_chambers
Spider:3: layout_chambers, gammafunk_ghost_grave
Spider:4: grunt_spider_rune_circles
Slime:1:  layout_caves
Slime:2:  layout_caves
Slime:3:  layout_caves
Slime:4:  layout_caves
Slime:5
Orc:1:    layout_diamond_mine, basic_altar, uniq_erica
Orc:2:    st_orc_elflike, layout_diamond_mine
Elf:1:    eino_elf_arrival_sip, layout_onion_city, uniq_azrael
Elf:2:    elven_hall_of_blades_hangedman_original
          [nicolae_blade_entry_crossed_weapons], layout_geoelf_grid,
          serial_shops, nicolae_take_the_stairs, dk_noncrumbling_3,
          uniq_saint_roka, uniq_asterion, uniq_roxanne
Elf:3:    minmay_elf_hall_not_hex, layout_geoelf_grid, basic_altar,
          minmay_shoptagon
Vaults:1: nicolae_vaults_shrinking_rooms_1, ontoclasm_vaults_idyll,
          nicolae_vaults_hallways_thing, vaults_dpeg_ring,
          nicolae_vaults_asterisk, nicolae_vaults_little_squares_6,
          nicolae_vaults_frosty_reception, nicolae_vaults_doubleplus_tesselated,
          v_misc_23, nicolae_vaults_house_1,
          nicolae_vaults_door_testing_chamber, nicolae_vaults_hexular_roomagon,
          nicolae_vaults_theta, layout_vaults_ring
Vaults:2: nicolae_vaults_inception_statues, v_misc_1,
          vaults_dpeg_emergency_exit, ontoclasm_vaults_tryst,
          vaults_room_door_ring, nicolae_vaults_trapezoid_lopsided_1,
          nicolae_vaults_trapezoid_2, nicolae_vaults_cochlea, v_misc_8,
          nicolae_vaults_ninety_degrees, nicolae_vaults_stairing_the_circle,
          nicolae_vaults_alarming, hangedman_vaults_variations,
          vaults_dpeg_encased_lava, layout_vaults_maze
Vaults:3: hangedman_vaults_nails, nicolae_vaults_security_offices_3,
          nicolae_vaults_six-pack, nicolae_vaults_little_squares_4,
          nicolae_vaults_three_branches, vaults_dpeg_doors, vaults_room_fours,
          nicolae_vaults_turnstiles, nicolae_vaults_storage_closets_2,
          ontoclasm_vaults_claustrophobia, minmay_crypt_entry_nasty_monster,
          ontoclasm_vaults_twist, nicolae_vaults_apartment_1,
          layout_vaults_big_cross
Vaults:4: vaults_room_door_ring, v_misc_8, v_rooms_2, hangedman_vaults_cutoff,
          grunt_vaults_funnel, nicolae_vaults_surprise_closet, v_pattern_1,
          nicolae_vaults_yaktaur_gun_rack, ontoclasm_vaults_ligature,
          nicolae_vaults_double_plus_1, nicolae_vaults_gold_heap,
          layout_vaults_big_room, serial_shops, nicolae_shop_peninsula, shop,
          nicolae_shop_competitors_out_of_business
Vaults:5: uniq_margery
Crypt:1:  minmay_guarded_unrand_sceptre_of_torment, layout_chaotic_city
Crypt:2:  layout_misc_corridors, amcnicky_mini_rare_corridor_liquid,
          roderic_lattice_octagonal_star
Crypt:3:  david_glass_crypt, layout_misc_corridors, tomb_entry_sphere_bobbens
Tomb:1
Tomb:2:   uniq_khufu
Depths:1: layout_cave_pools, special_room [special_room_magic_class],
          minmay_misc_feat_roman, hangedman_abyss_entry_splay, hell_entry,
          serial_shops, shop, minmay_checkered_concentric_circles
Depths:2: minmay_three_patterns, layout_cave_shapes,
          hellmonk_okawaru_the_only_friend_you_need,
          pf_vacation_house_of_asmodeus, rand_demon_pan_entry_8, abyss_entry
Depths:3: minmay_the_grid_plus [minmay_the_grid_small_cups,
          minmay_the_grid_garden, minmay_the_grid_doors,
          minmay_the_grid_outer_circle, minmay_the_grid_prize_inner_circle],
          layout_cave_pools, pf_hell_entry_tar_river, minmay_room_of_horrors,
          dk_noncrumbling_2, hellmonk_guarded_unrand_dark_maul,
          infiniplex_staircase_river
Depths:4: grunt_zot_entry_gee_three, layout_gridville, enter_ziggurat_b,
          hangedman_abyss_or_decor_slice, pf_coc_iceberg,
          nicolae_shop_vocational

Skill      XL: |  1  2  3  4  5  6  7  8  9 10 11 12 13 14 15 16 17 18 19 20 21 22 23 24 25 26 27 |
---------------+----------------------------------------------------------------------------------+-----
Invocations    | 1 2 3 4 5 6 7 8 9 10 11 12 13 14 15 16 17 18 19 20 | 20.3
Short Blades   | 1 2 3 5 6 7 8 9 10 11 12 13 14 15 16 17 18 | 18.8
Long Blades    | 1 2 3 5 6 7 8 9 10 11 12 13 14 15 16 17 18 | 18.8
Axes           | 1 2 3 5 6 7 8 9 10 11 12 13 14 15 16 17 18 | 18.8
Polearms       | 1 2 3 5 6 7 8 9 10 11 12 13 14 15 16 17 18 | 18.8
Staves         | 1 2 3 5 6 7 8 9 10 11 12 13 14 15 16 17 18 | 18.8
Ranged Weapons | 1 2 3 5 6 7 8 9 10 12 13 15 16 17 18 19 20 21 22 23 | 23.8
Throwing       | 1 2 3 5 6 7 8 9 10 11 12 13 14 15 16 17 18 19 20 | 20.4
Dodging        | 1 2 3 5 6 7 8 9 10 11 12 13 14 15 16 17 18 | 18.8
Stealth        | 1 2 3 5 6 7 8 9 10 11 12 13 14 15 16 17 18 | 18.8
Unarmed Combat | 1 2 3 5 6 7 8 9 10 11 12 13 14 15 16 17 18 | 18.8
Evocations     | 1 2 3 5 6 7 8 9 10 11 12 13 14 15 16 17 18 19 20 | 20.0
Spellcasting   | 3 4 5 6 7 8 9 10 11 12 13 14 15 16 17 18 | 18.9
Conjurations   | 1 2 3 4 5 6 7 8 9 10 11 12 13 14 15 16 | 16.0
Hexes          | 1 2 3 4 5 6 7 8 9 10 11 12 13 14 15 16 | 16.0
Summonings     | 1 2 3 4 5 6 7 8 9 10 11 12 13 14 15 16 | 16.0
Necromancy     | 1 2 3 4 5 6 7 8 9 10 11 12 13 14 15 16 | 16.0
Translocations | 1 2 3 4 5 6 7 8 9 10 11 12 13 14 15 16 | 16.0
Transmutations | 1 2 3 4 5 6 7 8 9 10 11 12 13 14 15 16 | 16.0
Fire Magic     | 1 2 3 4 5 6 7 8 9 10 11 12 13 14 15 16 | 16.0
Ice Magic      | 1 2 3 4 5 6 7 8 9 10 11 12 13 14 15 16 | 16.0
Air Magic      | 1 2 3 4 5 6 7 8 9 10 11 12 13 14 15 16 | 16.0
Earth Magic    | 1 2 3 4 5 6 7 8 9 10 11 12 13 14 15 16 | 16.0
Fighting       | 3 4 5 6 7 8 9 10 11 12 13 14 15 16 17 18 | 18.9
Armour         | 3 4 5 6 7 8 9 10 11 12 13 14 15 16 17 18 | 18.9
Maces & Flails | 5 6 7 8 9 10 11 12 13 14 15 16 17 18 19 | 19.2
Shields        | 5 6 7 8 9 10 11 12 13 14 15 16 17 18 19 | 19.2
Poison Magic   | 6 7 8 9 10 11 12 13 14 15 16 | 16.8

Action                     |  1- 3 |  4- 6 |  7- 9 | 10-12 | 13-15 | 16-18 | 19-21 | 22-24 | 25-27 || total
---------------------------+-------+-------+-------+-------+-------+-------+-------+-------+-------++-------
  Melee: Mace              |    33 |   111 |       |       |       |       |       |       |       ||   144
         Bite              |     1 |     9 |    16 |    11 |    53 |    78 |    25 |    22 |       ||   215
         Flail             |       |    11 |   142 |    73 |   276 |   224 |       |       |       ||   726
         Short sword       |       |       |       |       |       |   193 |   124 |   114 |     4 ||   435
         Staff             |       |       |       |       |       |       |       |     2 |       ||     2
   Cast: Sting             |    51 |    72 |   165 |   220 |   242 |    73 |     2 |       |       ||   825
         Foxfire           |       |       |   159 |   147 |    11 |       |       |       |       ||   317
         Mephitic Cloud    |       |       |     2 |    69 |    54 |    18 |     6 |     1 |       ||   150
         Ignite Poison     |       |       |     1 |    60 |    31 |     1 |     1 |     1 |       ||    95
         Iskenderun's Myst |       |       |       |    19 |    20 |       |       |       |       ||    39
         Iron Shot         |       |       |       |       |    96 |   113 |   127 |   108 |    51 ||   495
         Spellforged Servi |       |       |       |       |     8 |   146 |   124 |   103 |    89 ||   470
         Plasma Beam       |       |       |       |       |     3 |    88 |   128 |    66 |    80 ||   365
         Ozocubu's Refrige |       |       |       |       |     1 |    12 |     7 |     2 |       ||    22
         Ignition          |       |       |       |       |       |       |       |    40 |    41 ||    81
         Lehudib's Crystal |       |       |       |       |       |       |       |    58 |    72 ||   130
Ability: Evoke Blink       |       |       |       |       |       |       |       |    14 |       ||    14
  Evoke: Wand              |       |       |     1 |       |       |       |     2 |       |       ||     3
         Lightning rod     |       |       |       |       |       |       |     4 |       |       ||     4
    Use: Scroll            |       |       |    11 |     1 |    22 |     4 |     2 |       |     3 ||    43
         Potion            |       |       |     1 |       |     1 |     6 |     1 |     5 |     5 ||    19
   Stab: Confused          |       |       |       |       |    12 |    16 |     1 |       |       ||    29
         Distracted        |       |       |       |       |       |     8 |     2 |     4 |       ||    14
 Armour: Robe              |     8 |       |     1 |    50 |    82 |    68 |    19 |    44 |    12 ||   284
         Ring mail         |       |    55 |    72 |       |       |       |       |       |       ||   127
  Dodge: Dodged            |    18 |    67 |   100 |   138 |   282 |   326 |   142 |   260 |   116 ||  1449
  Block: Buckler           |     6 |    32 |    57 |    57 |   134 |    68 |       |       |       ||   354
         Kite shield       |       |       |       |       |       |   158 |   145 |   199 |   155 ||   657
         Reflection        |       |       |       |       |       |     3 |    54 |    15 |       ||    72
